Sabres vs Devils

Created - March 26, 2015 at 17:22

Goals
1 2 3 T
Sabres 1 1 1 3
Devils 1 0 1 2
Shots
1 2 3 T
Sabres 5 13 8 26
Devils 20 6 12 38

1st period

1. Devils , Justin Schultz 13 (Willie Mitchell, Darren Helm) at 19:38 (PP)
2. Sabres , Thomas Vanek 26 (Kyle Turris) at 19:42

Penalties :
Scottie Upshall (NJD) for Roughing (Minor) at 10:45, Jonathan Huberdeau (BUF) for Slashing (Double Minor) at 13:39, Nino Niederreiter (BUF) for Tripping (Minor) at 18:06

2nd period

3. Sabres , Oliver Ekman-Larsson 19 (Thomas Vanek, Kyle Turris) at 4:01

Penalties :
Francois Beauchemin (BUF) for High sticking (Minor) at 1:38, Jamie McGinn (NJD) for Tripping (Minor) at 6:59, Willie Mitchell (NJD) for Holding (Minor) at 9:57

3rd period

4. Sabres , Brad Boyes 14 (Jordan Staal, Oliver Ekman-Larsson) at 12:46
5. Devils , Ales Hemsky 17 (Matt Donovan, Steve Ott) at 14:19

Penalties :
Jonathan Huberdeau (BUF) for Roughing (Minor) at 4:57, Brad Stuart (BUF) for Tripping (Minor) at 9:51, Darren Helm (NJD) for Charging (Minor) at 19:10

Goalie Stats

Ondrej Pavelec (BUF), 36 saves from 38 shots - (0.947), W, 29-23-3, 60:00 minutes
Michal Neuvirth (NJD), 23 saves from 26 shots - (0.885), L, 3-14-2, 60:00 minutes

Players Stats for Sabres

Player Name              G  A  P  +/- PIM S  H  SB GA TA FO     MP     PP MP  PK MP  
------------------------------------------------------------------------------------
Brad Boyes               1  0  1   1  0   2  0  0  0  0  1/1    16:14   2:55   0:00 
Brad Stuart              0  0  0   0  2   0  3  3  0  0  0/0    15:20   0:00   4:10 
Brayden Schenn           0  0  0   1  0   1  0  0  0  0  4/6    16:54   2:55   0:40 
Braydon Coburn           0  0  0   2  0   1  1  2  0  0  0/0    27:47   2:59   5:54 
Daniel Winnik            0  0  0  -1  0   1  1  0  0  0  0/0    14:54   0:00   6:48 
Dustin Penner            0  0  0   0  0   1  1  1  0  0  0/0     8:15   0:00   4:00 
Francois Beauchemin      0  0  0   0  2   1  2  1  0  0  0/0    19:51   3:47   4:24 
Grant Clitsome           0  0  0   0  0   1  1  0  0  0  0/0    18:30   3:47   2:18 
Jonathan Huberdeau       0  0  0  -1  6   1  1  0  0  0  4/10   10:59   2:55   0:00 
Jordan Staal             0  1  1   1  0   2  2  1  0  0  15/25  17:19   0:00   4:00 
Josh Gorges              0  0  0   0  0   0  1  1  0  0  0/0    16:27   0:00   6:00 
Kris Versteeg            0  0  0   0  0   0  0  0  0  0  1/1     4:55   0:00   0:40 
Kyle Turris              0  2  2   2  0   3  0  0  0  0  13/24  19:57   3:51   0:00 
Nino Niederreiter        0  0  0   2  2   0  2  0  0  0  0/2    19:56   3:51   0:00 
Oliver Ekman-Larsson     1  1  2   2  0   3  2  1  0  0  0/0    22:03   2:59   0:10 
Paul Byron               0  0  0  -1  0   4  0  0  0  0  0/2     8:06   0:00   0:00 
Paul Gaustad             0  0  0   0  0   0  0  0  0  0  8/15   11:03   0:00   6:48 
Thomas Vanek             1  1  2   2  0   5  0  0  0  0  0/0    19:57   3:51   0:00 

Players Stats for Devils

Player Name              G  A  P  +/- PIM S  H  SB GA TA FO     MP     PP MP  PK MP  
------------------------------------------------------------------------------------
Ales Hemsky              1  0  1   1  0   5  1  0  0  0  0/1    10:13   0:00   0:00 
Darren Helm              0  1  1  -1  2   2  2  0  0  0  13/27  21:25   5:33   1:42 
Jamie McGinn             0  0  0   1  2   1  0  0  0  0  0/1    10:41   0:00   0:29 
Johan Franzen            0  0  0  -2  0   3  0  0  0  0  1/1    18:10   0:00   0:00 
Justin Schultz           1  0  1  -2  0   5  0  2  0  0  0/0    20:59   4:39   3:40 
Marc-Edouard Vlasic      0  0  0   0  0   2  0  1  0  0  0/0    25:54   6:49   3:00 
Mark Fayne               0  0  0   0  0   0  0  0  0  0  0/0     4:13   0:00   0:06 
Matt Donovan             0  1  1   0  0   0  0  0  0  0  0/0     8:54   0:00   0:00 
Michal Rozsival          0  0  0   0  0   2  0  0  0  0  0/0    10:09   0:00   1:15 
Patrick Wiercioch        0  0  0   0  0   0  0  0  0  0  0/0     4:07   0:00   0:00 
Scott Hartnell           0  0  0  -1  0   3  2  0  0  0  1/4    21:00   5:55   1:42 
Scottie Upshall          0  0  0  -1  2   1  2  1  0  0  0/1    19:17   5:55   0:00 
Steve Ott                0  1  1   1  0   1  2  0  0  0  7/13   20:13   5:33   4:55 
Tommy Wingels            0  0  0  -1  0   1  0  0  0  0  1/4     4:27   0:00   0:00 
Trevor Daley             0  0  0   0  0   6  0  1  0  0  0/0    25:54   6:49   3:00 
Tyler Johnson            0  0  0  -1  0   2  0  0  0  0  17/33  24:02   5:55   4:44 
Wayne Simmonds           0  0  0  -2  0   4  1  0  0  0  0/1    23:43   5:33   0:00 
Willie Mitchell          0  1  1  -2  2   0  4  2  0  0  0/0    19:49   4:39   2:31 

3 Stars

1 - Oliver Ekman-Larsson (BUF)
2 - Thomas Vanek (BUF)
3 - Kyle Turris (BUF)

Power Play

Sabres - 0 on 4 Attempt(s) - 0.00%
Devils - 1 on 6 Attempt(s) - 16.67%

Penalty Kill

Sabres - 5 on 6 Attempt(s) - 83.33% - Score 0 goal in Penalty Kill
Devils - 4 on 4 Attempt(s) - 100.00% - Score 0 goal in Penalty Kill

Team Stat

Sabres - Hits : 17 - Faceoff Wins : 46 - Blocked Shots : 10 - Penalty Minutes : 12
Devils - Hits : 14 - Faceoff Wins : 40 - Blocked Shots : 7 - Penalty Minutes : 8

Official

Referees : Ghislain Hebert and Frederick L'Ecuyer
Linesman : Jean Morin and Darren Gibbs

Game Notes

No Game Note

Finance

Level 1 -- Attendance: 6000 (100.00%) -- Ticket Income $642,000
Level 2 -- Attendance: 5000 (100.00%) -- Ticket Income $370,000
Level 3 -- Attendance: 2000 (100.00%) -- Ticket Income $140,000
Level 4 -- Attendance: 3089 (85.21%) -- Ticket Income $52,513
Luxury Box -- Attendance: 986 (98.60%) -- Ticket Income $172,550
Game was played at the Prudential Center'
Total Attendance: 17075 (96.88%)
Total Ticket Income: $1,377,063
Other Income: $206,559
Total Income: $1,583,622

% Time on Ice - Sabres

Lines # - Real PCT - Wanted PCT - Time Play
Normal Forward
1 - 39% - 40% - 16:06
2 - 32% - 30% - 13:19
3 - 19% - 20% - 8:06
4 - 10% - 10% - 4:15
Normal Defense
1 - 45% - 45% - 18:54
2 - 28% - 30% - 11:41
3 - 25% - 20% - 10:27
4 - 2% - 5% - 0:44
PP Forward
1 - 57% - 60% - 3:51
2 - 43% - 40% - 2:55
PP Defense
1 - 44% - 60% - 2:59
2 - 56% - 40% - 3:47
PK Forward
1 - 65% - 60% - 7:28
2 - 35% - 40% - 4:00
PK Defense
1 - 49% - 60% - 5:34
2 - 51% - 40% - 5:54
PK3 Forward
1 - 0% - 60%
2 - 0% - 40%
PK3 Defense
1 - 0% - 60%
2 - 0% - 40%
44 Forward
1 - 0% - 60%
2 - 0% - 40%
44 Defense
1 - 0% - 60%
2 - 0% - 40%
Last Minute Offensive  - 0:00
Last Minute Defensive  - 0:00
Total
Forward - 60:00
Defense - 60:00

% Time on Ice - Devils

Lines # - Real PCT - Wanted PCT - Time Play
Normal Forward
1 - 34% - 36% - 14:11
2 - 32% - 31% - 13:23
3 - 24% - 20% - 10:13
4 - 10% - 13% - 3:59
Normal Defense
1 - 39% - 40% - 16:05
2 - 30% - 30% - 12:40
3 - 21% - 20% - 8:54
4 - 10% - 10% - 4:07
PP Forward
1 - 48% - 60% - 5:33
2 - 52% - 40% - 5:55
PP Defense
1 - 59% - 60% - 6:49
2 - 41% - 40% - 4:39
PK Forward
1 - 75% - 60% - 5:04
2 - 25% - 40% - 1:42
PK Defense
1 - 46% - 60% - 3:06
2 - 54% - 40% - 3:40
PK3 Forward
1 - 0% - 60%
2 - 0% - 40%
PK3 Defense
1 - 0% - 60%
2 - 0% - 40%
44 Forward
1 - 0% - 60%
2 - 0% - 40%
44 Defense
1 - 0% - 60%
2 - 0% - 40%
Last Minute Offensive  - 0:00
Last Minute Defensive  - 0:00
Total
Forward - 60:00
Defense - 60:00

Play by Play

1st period


0:01 of 1st period - Kyle Turris wins face-off versus Darren Helm in neutral zone.
0:04 of 1st period - Shot by Oliver Ekman-Larsson.
0:04 of 1st period - Stopped by Michal Neuvirth without a rebound.
0:05 of 1st period - Jordan Staal wins face-off versus Tyler Johnson in Devils zone.
0:12 of 1st period - Shot by Brayden Schenn.
0:12 of 1st period - Shot Blocked by Scottie Upshall.
0:21 of 1st period - Jordan Staal is hit by Willie Mitchell and loses puck.
0:47 of 1st period - Icing by Brad Boyes.
0:48 of 1st period - Darren Helm wins face-off versus Jordan Staal in Sabres zone.
1:50 of 1st period - Shot by Braydon Coburn.
1:50 of 1st period - Stopped by Michal Neuvirth without a rebound.
1:51 of 1st period - Steve Ott wins face-off versus Paul Byron in Devils zone.
1:53 of 1st period - Jamie McGinn is hit by Jonathan Huberdeau and loses puck.
3:20 of 1st period - Shot by Tyler Johnson.
3:20 of 1st period - Stopped by Ondrej Pavelec without a rebound.
3:21 of 1st period - Tommy Wingels wins face-off versus Nino Niederreiter in Sabres zone.
3:32 of 1st period - Shot by Tommy Wingels.
3:32 of 1st period - Stopped by Ondrej Pavelec with a rebound.
3:34 of 1st period - Shot by Trevor Daley.
3:34 of 1st period - Stopped by Ondrej Pavelec with a rebound.
3:36 of 1st period - Shot by Trevor Daley.
3:36 of 1st period - Stopped by Ondrej Pavelec without a rebound.
3:37 of 1st period - Brad Boyes wins face-off versus Steve Ott in Sabres zone.
3:45 of 1st period - Shot by Ales Hemsky.
3:45 of 1st period - Shot Blocked by Oliver Ekman-Larsson.
3:57 of 1st period - Shot by Ales Hemsky.
3:57 of 1st period - Stopped by Ondrej Pavelec without a rebound.
3:58 of 1st period - Darren Helm wins face-off versus Nino Niederreiter in Sabres zone.
3:58 of 1st period - Darren Helm is hit by Brad Stuart.
4:02 of 1st period - Shot by Darren Helm.
4:02 of 1st period - Deflect By Wayne Simmonds.
4:02 of 1st period - Shot Misses the Net.
4:04 of 1st period - Shot by Marc-Edouard Vlasic.
4:04 of 1st period - Stopped by Ondrej Pavelec with a rebound.
4:06 of 1st period - Shot by Johan Franzen.
4:06 of 1st period - Stopped by Ondrej Pavelec without a rebound.
4:07 of 1st period - Kyle Turris wins face-off versus Darren Helm in Sabres zone.
4:31 of 1st period - Shot by Marc-Edouard Vlasic.
4:31 of 1st period - Shot Misses the Net.
5:15 of 1st period - Shot by Brad Boyes.
5:15 of 1st period - Deflect By Brayden Schenn.
5:15 of 1st period - Stopped by Michal Neuvirth without a rebound.
5:16 of 1st period - Steve Ott wins face-off versus Jordan Staal in Devils zone.
6:05 of 1st period - Off-side.
6:06 of 1st period - Tyler Johnson wins face-off versus Jonathan Huberdeau in neutral zone.
6:11 of 1st period - Shot by Scottie Upshall.
6:11 of 1st period - Shot Misses the Net.
6:29 of 1st period - Shot by Tyler Johnson.
6:29 of 1st period - Deflect By Scottie Upshall.
6:29 of 1st period - Stopped by Ondrej Pavelec without a rebound.
6:30 of 1st period - Kyle Turris wins face-off versus Tommy Wingels in Sabres zone.
7:09 of 1st period - Shot by Tommy Wingels.
7:09 of 1st period - Shot Blocked by Braydon Coburn.
8:02 of 1st period - Off-side.
8:03 of 1st period - Steve Ott wins face-off versus Paul Gaustad in neutral zone.
8:46 of 1st period - Shot by Jamie McGinn.
8:46 of 1st period - Stopped by Ondrej Pavelec without a rebound.
8:47 of 1st period - Darren Helm wins face-off versus Jordan Staal in Sabres zone.
9:00 of 1st period - Shot by Johan Franzen.
9:00 of 1st period - Stopped by Ondrej Pavelec without a rebound.
9:01 of 1st period - Jonathan Huberdeau wins face-off versus Tyler Johnson in Sabres zone.
9:23 of 1st period - Shot by Scott Hartnell.
9:23 of 1st period - Stopped by Ondrej Pavelec without a rebound.
9:24 of 1st period - Jordan Staal wins face-off versus Darren Helm in Sabres zone.
10:01 of 1st period - Shot by Wayne Simmonds.
10:01 of 1st period - Shot Blocked by Braydon Coburn.
10:09 of 1st period - Shot by Wayne Simmonds.
10:09 of 1st period - Shot Misses the Net.
10:31 of 1st period - Oliver Ekman-Larsson is hit by Darren Helm and loses puck.
10:45 of 1st period - Minor Penalty to Scottie Upshall for Roughing.
10:46 of 1st period - Kyle Turris wins face-off versus Tyler Johnson in Devils zone.
10:46 of 1st period - Kyle Turris is hit by Willie Mitchell.
10:58 of 1st period - Shot by Kyle Turris.
10:58 of 1st period - Shot Blocked by Willie Mitchell.
12:08 of 1st period - Shot by Oliver Ekman-Larsson.
12:08 of 1st period - Shot Blocked by Willie Mitchell.
12:21 of 1st period - Icing by Jonathan Huberdeau.
12:22 of 1st period - Brayden Schenn wins face-off versus Tyler Johnson in Sabres zone.
12:50 of 1st period - Shot by Wayne Simmonds.
12:50 of 1st period - Shot Misses the Net.
12:52 of 1st period - Shot by Tommy Wingels.
12:52 of 1st period - Shot Misses the Net.
12:54 of 1st period - Shot by Michal Rozsival.
12:54 of 1st period - Shot Blocked by Brad Stuart.
12:56 of 1st period - Shot by Wayne Simmonds.
12:56 of 1st period - Deflect By Johan Franzen.
12:56 of 1st period - Shot Blocked by Dustin Penner.
13:00 of 1st period - Shot by Wayne Simmonds.
13:00 of 1st period - Shot Misses the Net.
13:02 of 1st period - Shot by Wayne Simmonds.
13:02 of 1st period - Stopped by Ondrej Pavelec with a rebound.
13:04 of 1st period - Shot by Michal Rozsival.
13:04 of 1st period - Stopped by Ondrej Pavelec without a rebound.
13:05 of 1st period - Darren Helm wins face-off versus Jonathan Huberdeau in Sabres zone.
13:39 of 1st period - Double Minor Penalty to Jonathan Huberdeau for Slashing.
13:40 of 1st period - Tyler Johnson wins face-off versus Paul Gaustad in Sabres zone.
13:41 of 1st period - Shot by Justin Schultz.
13:41 of 1st period - Stopped by Ondrej Pavelec without a rebound.
13:42 of 1st period - Paul Gaustad wins face-off versus Tyler Johnson in Sabres zone.
14:51 of 1st period - Shot by Steve Ott.
14:51 of 1st period - Stopped by Ondrej Pavelec with a rebound.
14:53 of 1st period - Shot by Willie Mitchell.
14:53 of 1st period - Shot Misses the Net.
14:59 of 1st period - Shot by Darren Helm.
14:59 of 1st period - Shot Misses the Net.
15:05 of 1st period - Shot by Willie Mitchell.
15:05 of 1st period - Shot Misses the Net.
15:07 of 1st period - Shot by Darren Helm.
15:07 of 1st period - Shot Blocked by Brad Stuart.
15:09 of 1st period - Shot by Justin Schultz.
15:09 of 1st period - Stopped by Ondrej Pavelec with a rebound.
15:11 of 1st period - Shot by Willie Mitchell.
15:11 of 1st period - Shot Misses the Net.
15:13 of 1st period - Shot by Justin Schultz.
15:13 of 1st period - Shot Blocked by Brad Stuart.
15:25 of 1st period - Shot by Justin Schultz.
15:25 of 1st period - Shot Misses the Net.
15:41 of 1st period - Shot by Trevor Daley.
15:41 of 1st period - Stopped by Ondrej Pavelec without a rebound.
15:42 of 1st period - Jordan Staal wins face-off versus Darren Helm in Sabres zone.
16:25 of 1st period - Shot by Trevor Daley.
16:25 of 1st period - Shot Misses the Net.
16:27 of 1st period - Shot by Trevor Daley.
16:27 of 1st period - Stopped by Ondrej Pavelec without a rebound.
16:28 of 1st period - Kris Versteeg wins face-off versus Tyler Johnson in Sabres zone.
16:28 of 1st period - Josh Gorges is hit by Scott Hartnell.
17:19 of 1st period - Shot by Wayne Simmonds.
17:19 of 1st period - Shot Misses the Net.
17:33 of 1st period - Willie Mitchell is hit by Jordan Staal.
17:37 of 1st period - Shot by Justin Schultz.
17:37 of 1st period - Stopped by Ondrej Pavelec without a rebound.
17:38 of 1st period - Tyler Johnson wins face-off versus Paul Gaustad in Sabres zone.
17:43 of 1st period - Shot by Tommy Wingels.
17:43 of 1st period - Shot Misses the Net.
18:06 of 1st period - Minor Penalty to Nino Niederreiter for Tripping.
18:07 of 1st period - Paul Gaustad wins face-off versus Tyler Johnson in Sabres zone.
18:23 of 1st period - Icing by Trevor Daley.
18:24 of 1st period - Paul Gaustad wins face-off versus Scottie Upshall in Devils zone.
18:48 of 1st period - Icing by Marc-Edouard Vlasic.
18:49 of 1st period - Jordan Staal wins face-off versus Tyler Johnson in Devils zone.
19:12 of 1st period - Shot by Daniel Winnik.
19:12 of 1st period - Stopped by Michal Neuvirth without a rebound.
19:13 of 1st period - Jordan Staal wins face-off versus Darren Helm in Devils zone.
19:21 of 1st period - Willie Mitchell is hit by Brad Stuart and loses puck.
19:24 of 1st period - Shot by Justin Schultz.
19:24 of 1st period - Shot Misses the Net.
19:38 of 1st period - Shot by Justin Schultz.
19:38 of 1st period - Goal by Justin Schultz - Sabres : 0 - Devils : 1.
19:39 of 1st period - Kyle Turris wins face-off versus Tommy Wingels in neutral zone.
19:42 of 1st period - Shot by Thomas Vanek.
19:42 of 1st period - Goal by Thomas Vanek - Sabres : 1 - Devils : 1.
19:43 of 1st period - Kyle Turris wins face-off versus Steve Ott in neutral zone.
Goals for this period are 1 for Sabres vs 1 for Devils.
Shots for this period are 5 for Sabres vs 20 for Devils.

2nd period


0:01 of 2nd period - Darren Helm wins face-off versus Kyle Turris in neutral zone.
1:01 of 2nd period - Icing by Trevor Daley.
1:02 of 2nd period - Darren Helm wins face-off versus Jordan Staal in Devils zone.
1:34 of 2nd period - Willie Mitchell is hit by Francois Beauchemin and loses puck.
1:38 of 2nd period - Minor Penalty to Francois Beauchemin for High sticking.
1:39 of 2nd period - Paul Gaustad wins face-off versus Tyler Johnson in Sabres zone.
1:55 of 2nd period - Icing by Scott Hartnell.
1:56 of 2nd period - Paul Gaustad wins face-off versus Tyler Johnson in Devils zone.
2:35 of 2nd period - Darren Helm is hit by Dustin Penner and loses puck.
2:40 of 2nd period - Shot by Wayne Simmonds.
2:40 of 2nd period - Deflect By Darren Helm.
2:40 of 2nd period - Stopped by Ondrej Pavelec without a rebound.
2:41 of 2nd period - Darren Helm wins face-off versus Jordan Staal in Sabres zone.
2:59 of 2nd period - Icing by Marc-Edouard Vlasic.
3:00 of 2nd period - Darren Helm wins face-off versus Paul Gaustad in Devils zone.
4:01 of 2nd period - Shot by Oliver Ekman-Larsson.
4:01 of 2nd period - Goal by Oliver Ekman-Larsson - Sabres : 2 - Devils : 1.
4:02 of 2nd period - Jordan Staal wins face-off versus Steve Ott in neutral zone.
4:04 of 2nd period - Brad Stuart is hit by Ales Hemsky and loses puck.
4:25 of 2nd period - Shot by Josh Gorges.
4:25 of 2nd period - Shot Misses the Net.
5:37 of 2nd period - Icing by Scottie Upshall.
5:38 of 2nd period - Tyler Johnson wins face-off versus Paul Byron in Devils zone.
6:05 of 2nd period - Shot by Darren Helm.
6:05 of 2nd period - Shot Misses the Net.
6:07 of 2nd period - Shot by Trevor Daley.
6:07 of 2nd period - Stopped by Ondrej Pavelec without a rebound.
6:08 of 2nd period - Paul Gaustad wins face-off versus Tommy Wingels in Sabres zone.
6:59 of 2nd period - Minor Penalty to Jamie McGinn for Tripping.
7:00 of 2nd period - Kyle Turris wins face-off versus Tyler Johnson in Devils zone.
8:30 of 2nd period - Shot by Jonathan Huberdeau.
8:30 of 2nd period - Stopped by Michal Neuvirth without a rebound.
8:31 of 2nd period - Brayden Schenn wins face-off versus Scott Hartnell in Devils zone.
9:30 of 2nd period - Shot by Dustin Penner.
9:30 of 2nd period - Stopped by Michal Neuvirth without a rebound.
9:31 of 2nd period - Kyle Turris wins face-off versus Steve Ott in Devils zone.
9:57 of 2nd period - Minor Penalty to Willie Mitchell for Holding.
9:58 of 2nd period - Tyler Johnson wins face-off versus Brayden Schenn in Devils zone.
10:15 of 2nd period - Shot by Oliver Ekman-Larsson.
10:15 of 2nd period - Shot Misses the Net.
10:17 of 2nd period - Shot by Jonathan Huberdeau.
10:17 of 2nd period - Deflect By Brayden Schenn.
10:17 of 2nd period - Shot Misses the Net.
10:19 of 2nd period - Shot by Brayden Schenn.
10:19 of 2nd period - Deflect By Brad Boyes.
10:19 of 2nd period - Stopped by Michal Neuvirth without a rebound.
10:20 of 2nd period - Kyle Turris wins face-off versus Tyler Johnson in Devils zone.
10:40 of 2nd period - Shot by Thomas Vanek.
10:40 of 2nd period - Shot Misses the Net.
10:44 of 2nd period - Shot by Kyle Turris.
10:44 of 2nd period - Stopped by Michal Neuvirth without a rebound.
10:45 of 2nd period - Brayden Schenn wins face-off versus Tyler Johnson in Devils zone.
10:48 of 2nd period - Shot by Jonathan Huberdeau.
10:48 of 2nd period - Shot Misses the Net.
10:50 of 2nd period - Shot by Braydon Coburn.
10:50 of 2nd period - Shot Misses the Net.
10:52 of 2nd period - Shot by Oliver Ekman-Larsson.
10:52 of 2nd period - Stopped by Michal Neuvirth without a rebound.
10:53 of 2nd period - Tyler Johnson wins face-off versus Kyle Turris in Devils zone.
11:24 of 2nd period - Shot by Oliver Ekman-Larsson.
11:24 of 2nd period - Shot Blocked by Justin Schultz.
11:26 of 2nd period - Shot by Kyle Turris.
11:26 of 2nd period - Deflect By Thomas Vanek.
11:26 of 2nd period - Stopped by Michal Neuvirth without a rebound.
11:27 of 2nd period - Brayden Schenn wins face-off versus Scott Hartnell in Devils zone.
11:48 of 2nd period - Shot by Grant Clitsome.
11:48 of 2nd period - Shot Misses the Net.
12:07 of 2nd period - Shot by Johan Franzen.
12:07 of 2nd period - Stopped by Ondrej Pavelec without a rebound.
12:08 of 2nd period - Darren Helm wins face-off versus Kyle Turris in Sabres zone.
12:09 of 2nd period - Shot by Johan Franzen.
12:09 of 2nd period - Shot Misses the Net.
12:11 of 2nd period - Shot by Trevor Daley.
12:11 of 2nd period - Stopped by Ondrej Pavelec without a rebound.
12:12 of 2nd period - Kyle Turris wins face-off versus Darren Helm in Sabres zone.
13:48 of 2nd period - Shot by Jordan Staal.
13:48 of 2nd period - Stopped by Michal Neuvirth without a rebound.
13:49 of 2nd period - Jonathan Huberdeau wins face-off versus Jamie McGinn in Devils zone.
14:06 of 2nd period - Shot by Ales Hemsky.
14:06 of 2nd period - Stopped by Ondrej Pavelec without a rebound.
14:07 of 2nd period - Paul Gaustad wins face-off versus Tyler Johnson in Sabres zone.
14:07 of 2nd period - Braydon Coburn is hit by Scott Hartnell and loses puck.
14:12 of 2nd period - Shot by Scott Hartnell.
14:12 of 2nd period - Stopped by Ondrej Pavelec with a rebound.
14:16 of 2nd period - Shot by Tyler Johnson.
14:16 of 2nd period - Shot Misses the Net.
14:34 of 2nd period - Shot by Dustin Penner.
14:34 of 2nd period - Shot Misses the Net.
14:49 of 2nd period - Icing by Justin Schultz.
14:50 of 2nd period - Tyler Johnson wins face-off versus Kyle Turris in Devils zone.
15:00 of 2nd period - Grant Clitsome is hit by Willie Mitchell and loses puck.
15:29 of 2nd period - Shot by Thomas Vanek.
15:29 of 2nd period - Stopped by Michal Neuvirth without a rebound.
15:30 of 2nd period - Jordan Staal wins face-off versus Steve Ott in Devils zone.
16:08 of 2nd period - Icing by Trevor Daley.
16:09 of 2nd period - Steve Ott wins face-off versus Jonathan Huberdeau in Devils zone.
16:19 of 2nd period - Off-side.
16:20 of 2nd period - Kyle Turris wins face-off versus Darren Helm in neutral zone.
16:30 of 2nd period - Icing by Michal Rozsival.
16:31 of 2nd period - Jordan Staal wins face-off versus Darren Helm in Devils zone.
16:50 of 2nd period - Shot by Wayne Simmonds.
16:50 of 2nd period - Shot Misses the Net.
16:59 of 2nd period - Icing by Oliver Ekman-Larsson.
17:00 of 2nd period - Tyler Johnson wins face-off versus Jordan Staal in Sabres zone.
17:24 of 2nd period - Scott Hartnell is hit by Oliver Ekman-Larsson and loses puck.
17:28 of 2nd period - Icing by Oliver Ekman-Larsson.
17:29 of 2nd period - Jordan Staal wins face-off versus Darren Helm in Sabres zone.
17:29 of 2nd period - Jordan Staal is hit by Darren Helm.
17:54 of 2nd period - Shot by Thomas Vanek.
17:54 of 2nd period - Shot Blocked by Justin Schultz.
17:56 of 2nd period - Shot by Kyle Turris.
17:56 of 2nd period - Shot Misses the Net.
17:58 of 2nd period - Shot by Francois Beauchemin.
17:58 of 2nd period - Shot Misses the Net.
18:00 of 2nd period - Shot by Kyle Turris.
18:00 of 2nd period - Stopped by Michal Neuvirth without a rebound.
18:01 of 2nd period - Jonathan Huberdeau wins face-off versus Tyler Johnson in Devils zone.
18:02 of 2nd period - Shot by Paul Byron.
18:02 of 2nd period - Shot Blocked by Marc-Edouard Vlasic.
18:04 of 2nd period - Shot by Paul Byron.
18:04 of 2nd period - Stopped by Michal Neuvirth without a rebound.
18:05 of 2nd period - Tyler Johnson wins face-off versus Kyle Turris in Devils zone.
18:36 of 2nd period - Shot by Kyle Turris.
18:36 of 2nd period - Stopped by Michal Neuvirth with a rebound.
18:38 of 2nd period - Shot by Francois Beauchemin.
18:38 of 2nd period - Shot Misses the Net.
18:46 of 2nd period - Shot by Thomas Vanek.
18:46 of 2nd period - Stopped by Michal Neuvirth with a rebound.
19:15 of 2nd period - Trevor Daley is hit by Braydon Coburn and loses puck.
Goals for this period are 1 for Sabres vs 0 for Devils.
Shots for this period are 13 for Sabres vs 6 for Devils.

3rd period


0:01 of 3rd period - Kyle Turris wins face-off versus Darren Helm in neutral zone.
0:22 of 3rd period - Shot by Kyle Turris.
0:22 of 3rd period - Shot Blocked by Trevor Daley.
1:04 of 3rd period - Shot by Tyler Johnson.
1:04 of 3rd period - Shot Blocked by Jordan Staal.
1:10 of 3rd period - Shot by Scott Hartnell.
1:10 of 3rd period - Shot Blocked by Francois Beauchemin.
1:12 of 3rd period - Shot by Justin Schultz.
1:12 of 3rd period - Stopped by Ondrej Pavelec without a rebound.
1:13 of 3rd period - Steve Ott wins face-off versus Jonathan Huberdeau in Sabres zone.
1:18 of 3rd period - Shot by Ales Hemsky.
1:18 of 3rd period - Stopped by Ondrej Pavelec with a rebound.
1:33 of 3rd period - Icing by Josh Gorges.
1:34 of 3rd period - Tyler Johnson wins face-off versus Jonathan Huberdeau in Sabres zone.
2:05 of 3rd period - Shot by Paul Byron.
2:05 of 3rd period - Stopped by Michal Neuvirth without a rebound.
2:06 of 3rd period - Darren Helm wins face-off versus Kyle Turris in Devils zone.
2:06 of 3rd period - Darren Helm is hit by Nino Niederreiter.
2:39 of 3rd period - Icing by Johan Franzen.
2:40 of 3rd period - Johan Franzen wins face-off versus Jordan Staal in Devils zone.
2:40 of 3rd period - Johan Franzen is hit by Jordan Staal.
4:18 of 3rd period - Shot by Oliver Ekman-Larsson.
4:18 of 3rd period - Shot Misses the Net.
4:33 of 3rd period - Scottie Upshall is hit by Daniel Winnik and loses puck.
4:57 of 3rd period - Minor Penalty to Jonathan Huberdeau for Roughing.
4:58 of 3rd period - Darren Helm wins face-off versus Paul Gaustad in Sabres zone.
5:29 of 3rd period - Shot by Trevor Daley.
5:29 of 3rd period - Shot Misses the Net.
5:31 of 3rd period - Shot by Darren Helm.
5:31 of 3rd period - Stopped by Ondrej Pavelec without a rebound.
5:32 of 3rd period - Jordan Staal wins face-off versus Wayne Simmonds in Sabres zone.
5:45 of 3rd period - Shot by Marc-Edouard Vlasic.
5:45 of 3rd period - Stopped by Ondrej Pavelec without a rebound.
5:46 of 3rd period - Tyler Johnson wins face-off versus Paul Gaustad in Sabres zone.
6:13 of 3rd period - Josh Gorges is hit by Scottie Upshall.
6:20 of 3rd period - Icing by Justin Schultz.
6:21 of 3rd period - Tyler Johnson wins face-off versus Jordan Staal in Devils zone.
6:45 of 3rd period - Trevor Daley is hit by Brad Stuart and loses puck.
6:54 of 3rd period - Shot by Wayne Simmonds.
6:54 of 3rd period - Stopped by Ondrej Pavelec without a rebound.
6:55 of 3rd period - Jordan Staal wins face-off versus Darren Helm in Sabres zone.
8:26 of 3rd period - Icing by Thomas Vanek.
8:27 of 3rd period - Scott Hartnell wins face-off versus Kyle Turris in Sabres zone.
8:41 of 3rd period - Kyle Turris is hit by Willie Mitchell.
9:16 of 3rd period - Off-side.
9:17 of 3rd period - Jordan Staal wins face-off versus Steve Ott in neutral zone.
9:32 of 3rd period - Shot by Brayden Schenn.
9:32 of 3rd period - Deflect By Jordan Staal.
9:32 of 3rd period - Stopped by Michal Neuvirth without a rebound.
9:33 of 3rd period - Darren Helm wins face-off versus Paul Gaustad in Devils zone.
9:49 of 3rd period - Wayne Simmonds is hit by Josh Gorges and loses puck.
9:51 of 3rd period - Minor Penalty to Brad Stuart for Tripping.
9:52 of 3rd period - Paul Gaustad wins face-off versus Scott Hartnell in Sabres zone.
10:27 of 3rd period - Shot by Trevor Daley.
10:27 of 3rd period - Shot Blocked by Josh Gorges.
10:29 of 3rd period - Shot by Scott Hartnell.
10:29 of 3rd period - Stopped by Ondrej Pavelec without a rebound.
10:30 of 3rd period - Jordan Staal wins face-off versus Darren Helm in Sabres zone.
10:58 of 3rd period - Shot by Justin Schultz.
10:58 of 3rd period - Shot Misses the Net.
11:02 of 3rd period - Shot by Wayne Simmonds.
11:02 of 3rd period - Stopped by Ondrej Pavelec without a rebound.
11:03 of 3rd period - Tyler Johnson wins face-off versus Jordan Staal in Sabres zone.
11:14 of 3rd period - Shot by Trevor Daley.
11:14 of 3rd period - Shot Misses the Net.
11:41 of 3rd period - Shot by Scott Hartnell.
11:41 of 3rd period - Shot Misses the Net.
11:43 of 3rd period - Shot by Tyler Johnson.
11:43 of 3rd period - Stopped by Ondrej Pavelec without a rebound.
11:44 of 3rd period - Darren Helm wins face-off versus Jordan Staal in Sabres zone.
11:55 of 3rd period - Shot by Jamie McGinn.
11:55 of 3rd period - Shot Misses the Net.
12:08 of 3rd period - Ales Hemsky is hit by Grant Clitsome and loses puck.
12:17 of 3rd period - Shot by Ales Hemsky.
12:17 of 3rd period - Stopped by Ondrej Pavelec with a rebound.
12:19 of 3rd period - Shot by Michal Rozsival.
12:19 of 3rd period - Stopped by Ondrej Pavelec without a rebound.
12:20 of 3rd period - Jordan Staal wins face-off versus Darren Helm in Sabres zone.
12:20 of 3rd period - Jordan Staal is hit by Wayne Simmonds.
12:44 of 3rd period - Shot by Jordan Staal.
12:44 of 3rd period - Shot Misses the Net.
12:46 of 3rd period - Shot by Jordan Staal.
12:46 of 3rd period - Deflect By Brad Boyes.
12:46 of 3rd period - Goal by Brad Boyes - Sabres : 3 - Devils : 1.
12:47 of 3rd period - Tyler Johnson wins face-off versus Kyle Turris in neutral zone.
13:30 of 3rd period - Nino Niederreiter is hit by Scottie Upshall and loses puck.
14:13 of 3rd period - Shot by Wayne Simmonds.
14:13 of 3rd period - Stopped by Ondrej Pavelec without a rebound.
14:14 of 3rd period - Steve Ott wins face-off versus Jonathan Huberdeau in Sabres zone.
14:19 of 3rd period - Shot by Ales Hemsky.
14:19 of 3rd period - Goal by Ales Hemsky - Sabres : 3 - Devils : 2.
14:20 of 3rd period - Jordan Staal wins face-off versus Ales Hemsky in neutral zone.
14:45 of 3rd period - Oliver Ekman-Larsson is hit by Steve Ott and loses puck.
15:33 of 3rd period - Shot by Daniel Winnik.
15:33 of 3rd period - Deflect By Paul Byron.
15:33 of 3rd period - Stopped by Michal Neuvirth with a rebound.
15:35 of 3rd period - Shot by Daniel Winnik.
15:35 of 3rd period - Shot Misses the Net.
15:37 of 3rd period - Shot by Grant Clitsome.
15:37 of 3rd period - Stopped by Michal Neuvirth with a rebound.
15:39 of 3rd period - Shot by Paul Byron.
15:39 of 3rd period - Stopped by Michal Neuvirth without a rebound.
15:40 of 3rd period - Tyler Johnson wins face-off versus Kyle Turris in Devils zone.
15:59 of 3rd period - Shot by Kyle Turris.
15:59 of 3rd period - Deflect By Thomas Vanek.
15:59 of 3rd period - Stopped by Michal Neuvirth without a rebound.
16:00 of 3rd period - Jonathan Huberdeau wins face-off versus Darren Helm in Devils zone.
17:05 of 3rd period - Scott Hartnell is hit by Francois Beauchemin.
17:12 of 3rd period - Off-side.
17:13 of 3rd period - Steve Ott wins face-off versus Kyle Turris in neutral zone.
17:54 of 3rd period - Mark Fayne is hit by Oliver Ekman-Larsson and loses puck.
19:10 of 3rd period - Minor Penalty to Darren Helm for Charging.
19:11 of 3rd period - Tyler Johnson wins face-off versus Kyle Turris in Devils zone.
19:16 of 3rd period - Kyle Turris is hit by Steve Ott.
19:17 of 3rd period - Icing by Kyle Turris.
19:18 of 3rd period - Kyle Turris wins face-off versus Tyler Johnson in Sabres zone.
19:23 of 3rd period - Justin Schultz is hit by Nino Niederreiter and loses puck.
19:48 of 3rd period - Shot by Francois Beauchemin.
19:48 of 3rd period - Stopped by Michal Neuvirth without a rebound.
19:49 of 3rd period - Tyler Johnson wins face-off versus Brayden Schenn in Devils zone.
Goals for this period are 1 for Sabres vs 1 for Devils.
Shots for this period are 8 for Sabres vs 12 for Devils.


Output by the SimonT Hockey Simulator (STHS) for Stephane Roy -- Original Page W3C XHTML 1.0 Valid
Hockey Simulator - Hockey Simulation - Hockey Manager